 Dungeon Crawl Stone Soup version 0.29-a0-821-g66395355a5 (webtiles) character file.

Game seed: 6363742975672141074

11 RBrandon the Sneak (level 2, 0/17 HPs)
             Began as a Tengu Brigand on July 7, 2022.
             Killed from afar by a dart slug (3 damage)
             ... with a slug dart
             ... on level 1 of the Dungeon.
             The game lasted 00:01:13 (620 turns).

RBrandon the Sneak (Tengu Brigand)                   Turns: 620, Time: 00:01:13

Health: 0/17       AC:  3    Str: 11    XL:     2   Next: 25%
Magic:  3/3        EV: 12    Int: 11    God:
Gold:   34         SH:  0    Dex: 15    Spells: 1/1 levels left

rFire   . . .      SeeInvis .   a - +2 dagger
rCold   . . .      Faith    .   (no shield)
rNeg    . . .      Spirit   .   b - +0 robe
rPois   .          Reflect  .   (helmet restricted)
rElec   .          Harm     .   c - +0 cloak
rCorr   .          Rampage  .   (no gloves)
Will    .....                   (boots unavailable)
Stlth   +++.......              (no amulet)
HPRegen 0.05/turn               (no ring)
MPRegen 0.08/turn               (no ring)

@: no status effects
A: beak, talons 3
a: no special abilities


You were on level 1 of the Dungeon.
You visited 1 branch of the dungeon, and saw 1 of its levels.

You collected 34 gold pieces.

Inventory:

Hand Weapons
 a - a +2 dagger (weapon)
Missiles
 d - 9 poisoned darts (quivered)
 e - 3 curare-tipped darts
 f - 6 stones
Armour
 b - a +0 robe (worn)
 c - a +0 cloak (worn)
 i - a +0 ring mail
Scrolls
 g - 3 scrolls of identify {unknown}
 h - a scroll of poison {unknown}


   Skills:
 - Level 2.0 Fighting
 - Level 2.1 Short Blades
 + Level 2.4 Throwing
 + Level 1.9 Dodging
 - Level 4.0 Stealth


You had one spell level left.
You didn't know any spells.
Your spell library contained the following spells:

 Spells                   Type           Power      Damage    Failure   Level
 Stone Arrow              Conj/Erth      0%         3d7       71%         3
 Animate Armour           Summ/Erth      0%         N/A       98%         4
 Lehudib's Crystal Spear  Conj/Erth      0%         10d2      100%        8


Dungeon Overview and Level Annotations

Branches:
Dungeon (1/15)

Altars:


Innate Abilities, Weirdness & Mutations

You have a beak for a mouth.
You have claws for feet.


Message History

You kill the kobold!
The quokka closely misses you.
You closely miss the quokka. Your kick misses the quokka.
Your peck misses the quokka. The quokka closely misses you.
You miss the quokka. The quokka closely misses you.
You barely miss the quokka. Your peck misses the quokka. The quokka bites you.
You hit the quokka.
The quokka is moderately wounded.
The quokka completely misses you.
You hit the quokka.
The quokka is heavily wounded.
The quokka completely misses you.
You barely miss the quokka. Your kick misses the quokka.
The quokka is heavily wounded.
The quokka bites you.
You barely miss the quokka. You claw the quokka.
The quokka is severely wounded.
The quokka bites you.
* * * LOW HITPOINT WARNING * * *
The endoplasm hits the plant.
The plant begins to die.
You aren't carrying any potions.
Unknown command.
You hit the quokka.
You kill the quokka!
You hit the endoplasm. You peck the endoplasm.
The endoplasm is almost dead.
The endoplasm freezes you.
You are frozen.
* * * LOW HITPOINT WARNING * * *
You hit the endoplasm.
You kill the endoplasm!
You hit the dart slug.
You claw the dart slug, but do no damage.
The dart slug is lightly wounded.
You hit the dart slug but do no damage.
The dart slug is lightly wounded.
A nearby plant withers and dies.
The dart slug launches a dart at you. The slug dart hits you.
You die...

....####..P.PP...###..#
.........P.PP####..#..#
#######...###.P.......#
#####_.P.≈PP....#
#..###.P⌠PPP#..#
#..#.†.⌠.P.≈#..#
#..#..P⌠⌠≈.≈# .#
########..###..P.P.# #
................@..#
...............wP.P#
.......##.....######
.......##....##
.......##....#
.......##....#######
....................
....................
............)J######


You could see a dart slug.

Vanquished Creatures
  2 bats (D:1)
  2 endoplasms (D:1)
  3 kobolds (D:1)
  A quokka (D:1)
  A frilled lizard (D:1)
  2 rats (D:1)
11 creatures vanquished.

Vanquished Creatures (others)
  A plant (D:1)
1 creature vanquished.

Grand Total: 12 creatures vanquished

Notes
Turn   | Place    | Note
-------+----------+-------------------------------------------
     0 | D:1      | RBrandon the Tengu Brigand began the quest for the Orb.
     0 | D:1      | Reached XP level 1. HP: 12/12 MP: 2/2
   546 | D:1      | Found a faded altar of an unknown god.
   552 | D:1      | Reached XP level 2. HP: 17/17 MP: 3/3
   620 | D:1      | Killed from afar by a dart slug

Illustrated notes

Levels and vault maps discovered:
D:1:      minmay_arrival_wavy_path, layout_rooms,
          shapermc_ecumenical_altar_mp_ritualfount

Action                   || total
-------------------------++-------
Melee: Dagger            ||    32
       Kick              ||     6
       Peck              ||     2
 Stab: Sleeping          ||     2
Armor: Robe              ||     1
Dodge: Dodged            ||    14

Table legend: (Time is in decaauts)
 A = Elapsed time spent in this place.
 B = Non-inter-level travel time spent in this place.
 C = Inter-level travel time spent in this place.
 D = Time resting spent in this place.
 E = Time spent auto-exploring this place.
 F = Levels seen in this place.
 G = Mean time per level.
                   A        B        C        D        E       F      G
               +--------+--------+--------+--------+--------+-----+--------+
         Total |    616 |    616 |      0 |      0 |    496 |   1 |  616.0 |
       Dungeon |    616 |    616 |      0 |      0 |    496 |   1 |  616.0 |
               +--------+--------+--------+--------+--------+-----+--------+

Top non-repeatable levels by time:
     D:1: 616 daAuts

Table legend:
 A = Kills in this place as a percentage of kills in entire the game.
 B = Kills by you in this place as a percentage of kills by you in the entire game.
 C = Kills by friends in this place as a percentage of kills by friends in the entire game.
 D = Other kills in this place as a percentage of other kills in the entire game.
 E = Experience gained in this place as a percentage of experience gained in the entire game.
 F = Experience gained in this place divided by the number of levels of this place that you have seen.
                   A       B       C       D       E      F
               +-------+-------+-------+-------+-------+----------------------
         Total | 100.0 | 100.0 |   N/A |   N/A | 100.0 |  16.0
       Dungeon | 100.0 | 100.0 |   N/A |   N/A | 100.0 |  16.0
               +-------+-------+-------+-------+-------+----------------------
